 Dungeon Sprint DCSS version 0.27-a0-1139-g28e009f8a6 (webtiles) character file.

Game seed: 12658247909991368898

25 leviel the Skirmisher (level 2, -7/20 HPs)
             Began as a Deep Elf Chaos Knight on May 7, 2021.
             Was a Plaything of Xom.
             Mangled by an ogre
             ... wielding a +0 giant spiked club
              (21 damage)
             ... in the Dungeon (Sprint I: "Red Sonja").
             The game lasted 00:00:16 (13 turns).

leviel the Skirmisher (Deep Elf Chaos Knight)         Turns: 13, Time: 00:00:18

Health: -7/20      AC:  5    Str:  9    XL:     2   Next: 82%
Magic:  4/4        EV: 12    Int: 16    God:    Xom [..*...]
Gold:   0          SH:  0    Dex: 14    Spells: 1/1 levels left

rFire    . . .     SeeInvis .   a - +0 mace (chaos)
rCold    . . .     Faith    .   (no shield)
rNeg     . . .     Spirit   .   b - +2 leather armour
rPois    .         Reflect  .   (no helmet)
rElec    .         Harm     .   (no cloak)
rCorr    .         Rampage  .   (no gloves)
Will     .....     NoTele   +   (no boots)
Stlth    +.........             (no amulet)
HPRegen  0.06/turn              (no ring)
MPRegen  0.09/turn              (no ring)

@: on berserk cooldown, hasted and slowed
A: no striking features
a: Renounce Religion


You were in the Dungeon.
You worshipped Xom.
You were a toy of Xom.
You visited 1 branch

Inventory:

Hand Weapons
 a - a +0 mace of chaos (weapon)
Armour
 b - a +2 leather armour (worn)
Scrolls
 h - a scroll of blinking
Potions
 c - a potion of curing
 d - a potion of heal wounds
 f - 2 potions of magic


   Skills:
 + Level 4.0 Fighting
 + Level 3.5 Maces & Flails
 + Level 0.9 Armour
 + Level 3.3 Dodging


You had one spell level left.
You didn't know any spells.
Your spell library was empty.

Dungeon Overview and Level Annotations

Branches:
Dungeon (1/1)

Altars:


Message History

You feel yourself moving faster!
You feel mighty!
You feel a strong urge to attack something.
Ijyb barely misses you.
There is an open door here.
You sock Ijyb! You burn Ijyb.
Ijyb is heavily wounded.
Ijyb hits you but does no damage.
You closely miss Ijyb.
Ijyb is heavily wounded. "How about this?"
A monocle briefly appears over your right eye.
Ijyb hits you with a +0 dagger.
You sock Ijyb! You burn Ijyb.
Ijyb is almost dead.
Ijyb barely misses you.
You barely miss Ijyb.
Ijyb is almost dead.
Ijyb barely misses you.
You sock Ijyb!
You kill Ijyb!
Your Fighting skill gained 2 levels and is now at level 4!
Your Maces & Flails skill increases to level 3!
Your Dodging skill increases to level 3!
You have reached level 2!
Things that are here:
a +0 dagger; a +0 leather armour You feel a strong urge to attack something.
The door flies open with a bang!
An ogre comes into view. It is wielding a +0 giant spiked club.
You are no longer berserk.
You are exhausted.
You feel yourself slow down.
You feel yourself speed up.
You hit the ogre.
The ogre seems to grow stronger.
Xom thinks this is hilarious!
The ogre is lightly wounded.
The ogre hits you with a +0 giant spiked club!!
Ouch! That really hurt!
You die...
Xom titters!

##########
#<.#.@O..#
#..').#..+
#..#### +#
#..# #..#
#..# #⌠⌠#
####


You could see an ogre (strong).

Vanquished Creatures
  Ijyb (D)
1 creature vanquished.

Notes
Turn   | Place    | Note
-------+----------+-------------------------------------------
     0 | D        | leviel the Deep Elf Chaos Knight began the quest for the
                  | Orb.
     0 | D        | Reached XP level 1. HP: 13/13 MP: 3/3
     1 | D        | Noticed Ijyb
     5 | D        | XOM: silly message
     8 | D        | Killed Ijyb
     9 | D        | Reached skill level 4 in Fighting
     9 | D        | Reached XP level 2. HP: 20/20 MP: 4/4
    11 | D        | Noticed an ogre
    13 | D        | Mangled by an ogre

Illustrated notes

Levels and vault maps discovered:
D:        dungeon_sprint_1 [red_sonja_temple_1, red_sonja_temple_small_1]

Skill      XL: |  1 |
---------------+----+-----
Fighting       | 4 |  4.0
Maces & Flails | 3 |  3.5
Dodging        | 3 |  3.3
Armour         | |  0.9

Action                   || total
-------------------------++-------
Melee: Mace              ||     6
  Use: Potion            ||     2
Armor: Leather armour    ||     1
Dodge: Dodged            ||     3

Table legend: (Time is in decaauts)
 A = Elapsed time spent in this place.
 B = Non-inter-level travel time spent in this place.
 C = Inter-level travel time spent in this place.
 D = Time resting spent in this place.
 E = Time spent auto-exploring this place.
 F = Levels seen in this place.
 G = Mean time per level.
                   A        B        C        D        E       F      G
               +--------+--------+--------+--------+--------+-----+--------+
         Total |     11 |     11 |      0 |      0 |      1 |   1 |   11.0 |
       Dungeon |     11 |     11 |      0 |      0 |      1 |   1 |   11.0 |
               +--------+--------+--------+--------+--------+-----+--------+

Top non-repeatable levels by time:
       D: 11 daAuts
